 Dungeon Crawl Stone Soup version 0.30.0-18-gc0e69614cb (webtiles) character file.

Game seed: 12642477740505403413

28 meatpath the Digger (level 3, 19/19 HPs)
             Began as a Gargoyle Earth Elementalist on May 23, 2023.
             Was a Follower of Trog.
             Got out of the dungeon alive.
             The game lasted 00:04:02 (777 turns).

meatpath the Digger (Gargoyle Earth Elementalist)    Turns: 777, Time: 00:04:02

Health: 19/19      AC:  6    Str: 11    XL:     3   Next: 14%
Magic:  7/7        EV: 11    Int: 23    God:    Trog [*.....]
Gold:   71         SH:  0    Dex: 10    Spells: 6/7 levels left

rFire   . . .        c - +0 mace
rCold   . . .        (no shield)
rNeg    + . .        f - +0 leather armour
rPois   ∞            (no helmet)
rElec   +            (no cloak)
rCorr   .            (no gloves)
SInv    .            (no boots)
Will    .....        (no amulet)
Stlth   ++           g - +6 ring of intelligence
HPRegen 0.23/turn    (no ring)
MPRegen 0.10/turn

%: no passive effects
@: no status effects
A: sickness immunity, AC +3, negative energy resistance 1, electricity
resistance, torment resistance 1, petrification resistance
a: Renounce Religion, Berserk


You escaped.
You worshipped Trog.
Trog was aware of your devotion.
You visited 1 branch of the dungeon, and saw 1 of its levels.

You collected 71 gold pieces.

Inventory:

Hand Weapons
 c - a +0 mace (weapon)
Armour
 a - a +0 robe
 f - a +0 leather armour (worn)
Jewellery
 g - a +6 ring of intelligence (left hand)
Scrolls
 d - 2 scrolls of identify {unknown}
 h - a scroll of immolation {unknown}
 i - a scroll of fear {unknown}
Potions
 b - 2 potions of magic
 e - a potion of brilliance {unknown}
 j - a potion of curing {unknown}


   Skills:
 - Level 1.5 Dodging
 - Level 2.1 Stealth
 - Level 2.7 Spellcasting
 - Level 0.7 Transmutations
 - Level 4.4 Earth Magic


You had 6 spell levels left.
You knew the following spells:

 Your Spells              Type           Power      Damage    Failure   Level
a - Sandblast             Erth           46%        2d11      2%          1

Your spell library contained the following spells:

 Spells                   Type           Power      Damage    Failure   Level
 Passwall                 Tmut/Erth      11%        N/A       9%          2
 Stone Arrow              Conj/Erth      26%        3d8       19%         3
 Petrify                  Tmut/Erth      14%        N/A       47%         4


Dungeon Overview and Level Annotations

Branches:
Dungeon (1/15)

Altars:
Trog


Innate Abilities, Weirdness & Mutations

You are immune to sickness and miasma.
Your stone body is resilient. (AC +3)
You are immune to poison.
You resist negative energy. (rN+)
You are resistant to electric shocks. (rElec)
You are resistant to unholy torment.
You are immune to petrification.


Message History

You kill the jackal!
You start resting.
Magic restored.
Things that are here:
a +0 short sword; 5 stones You see here a jackal corpse.
Things that are here:
a +0 quarterstaff; a +0 sling
j - a purple potion You open the door.
An endoplasm comes into view.
The endoplasm quivers.
Found a faded altar of an unknown god.
There is an open door here.
Casting: Sandblast (safe; 2% risk of failure)
Confirm with . or Enter, or press ? or * to list all spells.
Aiming: Sandblast (safe; 2% risk of failure)
Press: ? - help, Shift-Dir - straight line, f - endoplasm
Aim: an endoplasm (98% to hit)
The blast of sand hits the endoplasm!
You kill the endoplasm!
There is a faded altar of an unknown god here.
This altar belongs to (a) Sif Muna, (b) Vehumet or (c) Trog, but you can't tell which.
Press the corresponding letter to learn more about a god, or press enter to convert or escape to cancel.
Trog accepts your prayer! Trog welcomes you!
You can now go berserk at will.
Unknown command.
Press < or > to pray at altars.
Okay, then.
Unknown command.
Unknown command.
Unknown command.
You open the door.
There is an open door here.
Found a scroll labelled NOLECI XOYVVO.
You enter the shallow water.
Moving in this stuff is going to be slow.
There is a staircase leading out of the dungeon here.
Are you sure you want to leave the Dungeon?
This will make you lose the game!
You have escaped!

##...†..#...#..##.....#.#
##...~..~...#.##.....#.#
#.##.~≈~~.~...##.......#
##.#..≈≈≈~~..###....##..
#...~.~≈≈≈..## #....##..
##.~≈~~~≈~~.## #######..
#.≈≈~~.~≈~..# #..
###.~~~...~.≈~### #..
###+ #...~~..@~.≈≈≈#..##
#.. ##..# #.#.~.~~..~≈≈.#
...# ##. 8...#
#)#..~~≈≈~≈~~.# #..# ##.
...# ###...≈≈≈≈≈~..# #..
#.. _..# #...~~~≈≈~...##
#.##.# ...##
#......~≈≈≈~...# #....[
8...###.##~~~~.~~≈~..~.#
##....
##..#....#.~≈~.....#...##
#....
.###'###.##.~~..#..##...#
#....


There were no monsters in sight!

Vanquished Creatures
  3 endoplasms (D:1)
  3 giant cockroaches (D:1)
  A hobgoblin (D:1)
  2 jackals (D:1)
  2 kobolds (D:1)
  A quokka (D:1)
  5 bats (D:1)
  5 goblins (D:1)
  2 rats (D:1)
24 creatures vanquished.

Notes
Turn   | Place    | Note
-------+----------+-------------------------------------------
     0 | D:1      | meatpath the Gargoyle Earth Elementalist began the quest
                  | for the Orb.
     0 | D:1      | Reached XP level 1. HP: 10/10 MP: 3/3
   141 | D:1      | Reached XP level 2. HP: 15/15 MP: 1/5
   194 | D:1      | Reached skill level 4 in Earth Magic
   619 | D:1      | Reached XP level 3. HP: 19/19 MP: 4/6
   734 | D:1      | Found a faded altar of an unknown god.
   741 | D:1      | Prayed at the altar of an unknown god.
   741 | D:1      | Became a worshipper of Trog the Wrathful
   741 | D:1      | Reached * piety under Trog
   777 | D:$      | Got out of the dungeon alive.

Illustrated notes

Levels and vault maps discovered:
D:1:      dpeg_arrival_subterranean_lakeside_camping, layout_basic,
          hellmonk_ecumenical_altar_slurped_away

Skill      XL: |  1  2 |
---------------+-------+-----
Earth Magic    | 4 |  4.4
Dodging        | |  1.5
Stealth        | |  2.1
Spellcasting   | |  2.7
Transmutations | |  0.7

Action                     || total
---------------------------++-------
  Melee: Mace              ||     1
   Cast: Sandblast         ||    31
 Armour: Robe              ||     3
         Leather armour    ||     1
  Dodge: Dodged            ||     9
